| TOP OF THE 1ST |
|
Fort Myers Miracles batting - Pitching for Bradenton Sox : RHP Mark Scheiwe
|
|
Pitching: RHP Mark Scheiwe
|
|
|
Batting: SHB Ronnie Chapman
|
0-0: Ball 1-0: Foul Ball, location: 2F 1-1: SINGLE (Flyball, 5D, EV 90.6 MPH)
|
|
Batting: RHB T.J. Stout
|
0-0: Fielders Choice at 2nd, 4-6 (Groundball, 34, EV 83.8 MPH)
|
|
Batting: RHB Bobby Hinson
|
0-0: Called Strike 0-1: Swinging Strike 0-2: Foul Ball, location: 2F 0-2: Ball T.J. Stout steals 2nd base 1-2: Ball 2-2: Ball 3-2: Fly out, F8 (Flyball, 8RXD, EV 96.3 MPH) Runner from 2nd tags up, SAFE at 3rd, no throw by CF
|
|
Batting: LHB Abraham Becerra
|
0-0: Called Strike 0-1: Swinging Strike 0-2: Foul Ball, location: 2F 0-2: Strikes out swinging
|
| Top of the 1st over - 0 runs, 1 hit, 0 errors, 1 left on base; Fort Myers 0 - Bradenton 0 |
| BOTTOM OF THE 1ST |
|
Bradenton Sox batting - Pitching for Fort Myers Miracles : LHP Dave Jensen
|
|
Pitching: LHP Dave Jensen
|
|
|
Batting: RHB Dave Coss
|
0-0: Ball 1-0: Fly out, F8 (Line Drive, 8RM, EV 105.6 MPH)
|
|
Batting: RHB Rene Gonzales
|
0-0: Swinging Strike 0-1: Foul Ball, location: 2F 0-2: Foul Ball, location: 2F 0-2: Strikes out swinging
|
|
Batting: RHB Dennis Tiefenthaler
|
0-0: Ball 1-0: Ball 2-0: Ground out 6-3 (Groundball, 6, EV 103.8 MPH)
|
| Bottom of the 1st over - 0 runs, 0 hits, 0 errors, 0 left on base; Fort Myers 0 - Bradenton 0 |
| TOP OF THE 2ND |
|
Fort Myers Miracles batting - Pitching for Bradenton Sox : RHP Mark Scheiwe
|
|
Batting: RHB Galtero Gioacchini
|
0-0: Ball 1-0: Ball 2-0: Ball 3-0: Called Strike 3-1: SINGLE (Line Drive, 89S, EV 102.5 MPH)
|
|
Batting: RHB Michael Saccocio
|
0-0: Ball 1-0: DOUBLE (Flyball, 8LXD, EV 96.3 MPH) Galtero Gioacchini to third
|
|
Batting: LHB Rodney Hodde
|
0-0: Fly out, F7 (Line Drive, 7, EV 96.9 MPH)
|
|
Batting: LHB Stacey Pettis
|
0-0: Ball 1-0: Ball 2-0: Ball 3-0: Called Strike 3-1: Base on Balls
|
|
Batting: RHB Rico Escobar
|
0-0: Grounds into double play, 5-4-3 (Groundball, 56S, EV 86.3 MPH)
|
| Top of the 2nd over - 0 runs, 2 hits, 0 errors, 2 left on base; Fort Myers 0 - Bradenton 0 |
| BOTTOM OF THE 2ND |
|
Bradenton Sox batting - Pitching for Fort Myers Miracles : LHP Dave Jensen
|
|
Batting: RHB Dave Hoeksema
|
0-0: Ball 1-0: Called Strike 1-1: Ball 2-1: Ground out 5-3 (Groundball, 56S, EV 94.4 MPH)
|
|
Batting: RHB Jerry Nalley
|
0-0: Ball 1-0: Ball 2-0: Fly out, F8 (Flyball, 78D, EV 101.9 MPH)
|
|
Batting: RHB William Murray
|
0-0: Ball 1-0: Ball 2-0: Ball 3-0: Called Strike 3-1: Foul Ball, location: 2F 3-2: SINGLE (Line Drive, 56, EV 96.9 MPH)
|
|
Batting: RHB Andre Wood
|
0-0: Ball 1-0: Ball 2-0: Fly out, F7 (Flyball, 78D, EV 105.6 MPH)
|
| Bottom of the 2nd over - 0 runs, 1 hit, 0 errors, 1 left on base; Fort Myers 0 - Bradenton 0 |
| TOP OF THE 3RD |
|
Fort Myers Miracles batting - Pitching for Bradenton Sox : RHP Mark Scheiwe
|
|
Batting: SHB Ronnie Chapman
|
0-0: Called Strike 0-1: Ball 1-1: SINGLE (Line Drive, 5D, EV 103.1 MPH)
|
|
Batting: RHB T.J. Stout
|
0-0: Foul Ball, location: 2F 0-1: Ball 1-1: Ball 2-1: Ball 3-1: Fly out, F9 (Flyball, 9, EV 91.3 MPH)
|
|
Batting: RHB Bobby Hinson
|
0-0: Ball 1-0: Ball 2-0: SINGLE (Groundball, 56D, EV 95.6 MPH) Ronnie Chapman to second Runner from 2nd tries for 3rd, SAFE, throw by LF made to third
|
|
Batting: LHB Abraham Becerra
|
0-0: Swinging Strike 0-1: Ball 1-1: Foul Ball, location: 2F 1-2: Ball 2-2: Ball 3-2: Ground out 4-3 (Groundball, 34D, EV 91.9 MPH) Ronnie Chapman scores Bobby Hinson to second
|
|
Batting: RHB Galtero Gioacchini
|
0-0: Ground out 2-3 (Groundball, 2R, EV 73.1 MPH)
|
| Top of the 3rd over - 1 run, 2 hits, 0 errors, 1 left on base; Fort Myers 1 - Bradenton 0 |
| BOTTOM OF THE 3RD |
|
Bradenton Sox batting - Pitching for Fort Myers Miracles : LHP Dave Jensen
|
|
Batting: RHB Gerry Melillo
|
0-0: Called Strike 0-1: Swinging Strike 0-2: Ball 1-2: Ball 2-2: Strikes out looking
|
|
Batting: RHB Dennis Keating
|
0-0: Swinging Strike 0-1: Called Strike 0-2: Ball 1-2: Ball 2-2: Strikes out looking
|
|
Batting: RHB Dave Coss
|
0-0: Ball 1-0: Ball 2-0: Ball 3-0: Called Strike 3-1: Ground out 5-3 (Groundball, 5, EV 80.6 MPH)
|
| Bottom of the 3rd over - 0 runs, 0 hits, 0 errors, 0 left on base; Fort Myers 1 - Bradenton 0 |
| TOP OF THE 4TH |
|
Fort Myers Miracles batting - Pitching for Bradenton Sox : RHP Mark Scheiwe
|
|
Batting: RHB Michael Saccocio
|
0-0: SINGLE (Groundball, 6D, EV 98.8 MPH)
|
|
Batting: LHB Rodney Hodde
|
0-0: Swinging Strike 0-1: Ball 1-1: Ball 2-1: Foul Ball, location: 2F 2-2: Strikes out swinging
|
|
Batting: LHB Stacey Pettis
|
0-0: Called Strike 0-1: Swinging Strike 0-2: Ball 1-2: Strikes out swinging Michael Saccocio steals 2nd base Batter strikes out.
|
|
Batting: RHB Rico Escobar
|
0-0: Called Strike 0-1: SINGLE (Line Drive, 8LS, EV 98.8 MPH) Michael Saccocio to third Runner from 3rd tries for Home, SAFE, throw by CF to home
|
|
Batting: SHB Ronnie Chapman
|
0-0: Fly out, F9 (Flyball, 9LS, EV 86.3 MPH)
|
| Top of the 4th over - 1 run, 2 hits, 0 errors, 1 left on base; Fort Myers 2 - Bradenton 0 |
| BOTTOM OF THE 4TH |
|
Bradenton Sox batting - Pitching for Fort Myers Miracles : LHP Dave Jensen
|
|
Batting: RHB Rene Gonzales
|
0-0: Fly out, F9 (Flyball, 9LS, EV 86.9 MPH)
|
|
Batting: RHB Dennis Tiefenthaler
|
0-0: Called Strike 0-1: Called Strike 0-2: Ball 1-2: Strikes out looking
|
|
Batting: RHB Dave Hoeksema
|
0-0: Called Strike 0-1: Swinging Strike 0-2: Strikes out swinging, 2-3 out at first.
|
| Bottom of the 4th over - 0 runs, 0 hits, 0 errors, 0 left on base; Fort Myers 2 - Bradenton 0 |
| TOP OF THE 5TH |
|
Fort Myers Miracles batting - Pitching for Bradenton Sox : RHP Mark Scheiwe
|
|
Batting: RHB T.J. Stout
|
0-0: Swinging Strike 0-1: Ball 1-1: Foul Ball, location: 2F 1-2: Foul Ball, location: 2F 1-2: Strikes out looking
|
|
Batting: RHB Bobby Hinson
|
0-0: Called Strike 0-1: Swinging Strike 0-2: Fly out, F8 (Flyball, 8RD, EV 98.8 MPH)
|
|
Batting: LHB Abraham Becerra
|
0-0: Swinging Strike 0-1: Called Strike 0-2: SOLO HOME RUN (Flyball, 9D, EV 93.1 MPH), Distance : 354 ft
|
|
Batting: RHB Galtero Gioacchini
|
0-0: Ball 1-0: Ball 2-0: Ball 3-0: Base on Balls
|
|
Batting: RHB Michael Saccocio
|
0-0: Called Strike 0-1: Fly out, F7 (Flyball, 7S, EV 84.4 MPH)
|
| Top of the 5th over - 1 run, 1 hit, 0 errors, 1 left on base; Fort Myers 3 - Bradenton 0 |
| BOTTOM OF THE 5TH |
|
Bradenton Sox batting - Pitching for Fort Myers Miracles : LHP Dave Jensen
|
|
Batting: RHB Jerry Nalley
|
0-0: Called Strike 0-1: Ball 1-1: Ball 2-1: Fly out, F8 (Flyball, 8RM, EV 95.6 MPH)
|
|
Batting: RHB William Murray
|
0-0: Ball 1-0: Ball 2-0: Swinging Strike 2-1: Foul Ball, location: 2F 2-2: Foul Ball, location: 2F 2-2: Ball 3-2: Base on Balls
|
|
Batting: RHB Andre Wood
|
0-0: Called Strike 0-1: Called Strike 0-2: Ball 1-2: Strikes out looking
|
|
Batting: RHB Gerry Melillo
|
0-0: Ball 1-0: Called Strike 1-1: Ball 2-1: Called Strike 2-2: Ball 3-2: Base on Balls William Murray to second
|
|
Batting: RHB Dennis Keating
|
0-0: Ball 1-0: Ground out 3-1 (Groundball, 34, EV 100.6 MPH)
|
| Bottom of the 5th over - 0 runs, 0 hits, 0 errors, 2 left on base; Fort Myers 3 - Bradenton 0 |
| TOP OF THE 6TH |
|
Fort Myers Miracles batting - Pitching for Bradenton Sox : RHP Mark Scheiwe
|
|
Batting: LHB Rodney Hodde
|
0-0: Ball 1-0: Foul Ball, location: 2F 1-1: Ball 2-1: Fly out, F6 (Popup, 56D, EV 53.8 MPH)
|
|
Batting: LHB Stacey Pettis
|
0-0: Called Strike 0-1: Ball 1-1: Foul Ball, location: 2F 1-2: DOUBLE (Groundball, 3L, EV 100.6 MPH)
|
|
Batting: RHB Rico Escobar
|
0-0: Ball 1-0: Ball 2-0: Foul Ball, location: 2F 2-1: SINGLE (Groundball, 6D, EV 103.8 MPH) Stacey Pettis to third Runner from 3rd tries for Home, SAFE, throw by CF to home
|
|
Batting: SHB Ronnie Chapman
|
0-0: Called Strike Rico Escobar is caught stealing 2nd base 2-6 0-1: Fly out, F5 (Popup, 6S, EV 73.1 MPH)
|
| Top of the 6th over - 1 run, 2 hits, 0 errors, 0 left on base; Fort Myers 4 - Bradenton 0 |
| BOTTOM OF THE 6TH |
|
Bradenton Sox batting - Pitching for Fort Myers Miracles : LHP Dave Jensen
|
|
Batting: RHB Dave Coss
|
0-0: Fly out, F9 (Flyball, 9LM, EV 91.3 MPH)
|
|
Batting: RHB Rene Gonzales
|
0-0: Ball 1-0: SINGLE (Groundball, 6MD, EV 101.9 MPH)
|
|
Batting: RHB Dennis Tiefenthaler
|
0-0: Ball 1-0: Called Strike 1-1: Foul Ball, location: 2F 1-2: Grounds into double play, 6-4-3 (Groundball, 56, EV 106.3 MPH)
|
| Bottom of the 6th over - 0 runs, 1 hit, 0 errors, 0 left on base; Fort Myers 4 - Bradenton 0 |
| TOP OF THE 7TH |
|
Fort Myers Miracles batting - Pitching for Bradenton Sox : RHP Mark Scheiwe
|
|
Batting: RHB T.J. Stout
|
0-0: Ground out 6-3 (Groundball, 6, EV 88.1 MPH)
|
|
Batting: RHB Bobby Hinson
|
0-0: Foul Ball, location: 2F 0-1: Ball 1-1: Ball 2-1: Ball 3-1: SINGLE (Flyball, 6D, EV 90.6 MPH)
|
|
Batting: LHB Abraham Becerra
|
0-0: Fly out, F8 (Line Drive, 8LM, EV 100.6 MPH)
|
|
Batting: RHB Galtero Gioacchini
|
0-0: Called Strike 0-1: Ball 1-1: Ball 2-1: Fly out, F5 (Line Drive, 5, EV 68.8 MPH)
|
| Top of the 7th over - 0 runs, 1 hit, 0 errors, 1 left on base; Fort Myers 4 - Bradenton 0 |
| BOTTOM OF THE 7TH |
|
Bradenton Sox batting - Pitching for Fort Myers Miracles : LHP Dave Jensen
|
|
Batting: RHB Dave Hoeksema
|
0-0: Called Strike 0-1: Fly out, F7 (Flyball, 7, EV 91.3 MPH)
|
|
Batting: RHB Jerry Nalley
|
0-0: SINGLE (Line Drive, 8RS, EV 107.5 MPH)
|
|
Batting: RHB William Murray
|
0-0: Ball 1-0: Called Strike 1-1: Foul Ball, location: 2F 1-2: Ball 2-2: Foul Ball, location: 2F 2-2: Foul Ball, location: 2F 2-2: Foul Ball, location: 2F 2-2: Ball 3-2: Foul Ball, location: 2F 3-2: Foul Ball, location: 2F 3-2: Grounds into double play, 6-4-3 (Groundball, 6, EV 79.4 MPH)
|
| Bottom of the 7th over - 0 runs, 1 hit, 0 errors, 0 left on base; Fort Myers 4 - Bradenton 0 |
| TOP OF THE 8TH |
|
Fort Myers Miracles batting - Pitching for Bradenton Sox : RHP Mark Scheiwe
|
|
Batting: RHB Michael Saccocio
|
0-0: Ball 1-0: Foul Ball, location: 2F 1-1: SINGLE (Groundball, 34D, EV 106.3 MPH)
|
|
Batting: LHB Rodney Hodde
|
0-0: Called Strike 0-1: Ball 1-1: Fly out, F3 (Popup, 23, EV 84.4 MPH)
|
|
Batting: LHB Stacey Pettis
|
0-0: Ball 1-0: Called Strike 1-1: Swinging Strike 1-2: Ball 2-2: Reached on error, E6 (Groundball, 6, EV 106.9 MPH) Michael Saccocio to second
|
|
Batting: RHB Rico Escobar
|
0-0: Ball 1-0: Swinging Strike 1-1: Foul Ball, location: 2F 1-2: Foul Ball, location: 2F 1-2: SINGLE (Line Drive, 89S, EV 93.8 MPH) Michael Saccocio to third Stacey Pettis to second Runner from 3rd tries for Home, throw by RF and OUT! 9-2
|
|
Batting: SHB Ronnie Chapman
|
0-0: Ball 1-0: Foul Ball, location: 2F 1-1: Ball 2-1: SINGLE (Groundball, 23, EV 68.1 MPH) (infield hit) Stacey Pettis to third Rico Escobar to second
|
|
Batting: RHB T.J. Stout
|
0-0: Ball 1-0: Ball 2-0: Ball 3-0: Called Strike 3-1: Base on Balls Stacey Pettis scores Rico Escobar to third Ronnie Chapman to second
|
|
Pitching: RHP Joe Stefani
|
|
|
Batting: RHB Bobby Hinson
|
0-0: Fly out, F8 (Line Drive, 8RM, EV 96.9 MPH)
|
| Top of the 8th over - 1 run, 3 hits, 1 error, 3 left on base; Fort Myers 5 - Bradenton 0 |
| BOTTOM OF THE 8TH |
|
Bradenton Sox batting - Pitching for Fort Myers Miracles : LHP Dave Jensen
|
|
Batting: RHB Andre Wood
|
0-0: Foul Ball, location: 2F 0-1: Ball 1-1: Ground out 1-3 (Groundball, 13, EV 69.4 MPH)
|
|
Batting: RHB Gerry Melillo
|
0-0: Ball 1-0: Called Strike 1-1: Ball 2-1: Foul Ball, location: 2F 2-2: Ball 3-2: Ground out 4-3 (Groundball, 4M, EV 89.4 MPH)
|
|
Batting: RHB Dennis Keating
|
0-0: Ball 1-0: Ground out 4-3 (Groundball, 4, EV 83.8 MPH)
|
| Bottom of the 8th over - 0 runs, 0 hits, 0 errors, 0 left on base; Fort Myers 5 - Bradenton 0 |
| TOP OF THE 9TH |
|
Fort Myers Miracles batting - Pitching for Bradenton Sox : RHP Joe Stefani
|
|
Batting: LHB Abraham Becerra
|
0-0: Called Strike 0-1: Ball 1-1: SINGLE (Flyball, 89S, EV 85.0 MPH)
|
|
Batting: RHB Galtero Gioacchini
|
0-0: Ball 1-0: Swinging Strike 1-1: Foul Ball, location: 2F 1-2: Strikes out looking
|
|
Batting: RHB Michael Saccocio
|
0-0: Ball 1-0: Foul Ball, location: 2F 1-1: Swinging Strike 1-2: Foul Ball, location: 2F 1-2: Ball 2-2: SINGLE (Groundball, 4MD, EV 103.8 MPH) Abraham Becerra to second
|
|
Batting: LHB Rodney Hodde
|
0-0: Ball 1-0: Grounds into double play, 4-6-3 (Groundball, 4, EV 93.1 MPH)
|
| Top of the 9th over - 0 runs, 2 hits, 0 errors, 1 left on base; Fort Myers 5 - Bradenton 0 |
| BOTTOM OF THE 9TH |
|
Bradenton Sox batting - Pitching for Fort Myers Miracles : LHP Dave Jensen
|
|
Batting: RHB Dave Coss
|
0-0: Foul Ball, location: 2F 0-1: Ball 1-1: Ball 2-1: Called Strike 2-2: Strikes out swinging
|
|
Batting: RHB Rene Gonzales
|
0-0: Called Strike 0-1: Fly out, F6 (Line Drive, 6, EV 71.9 MPH)
|
|
Batting: RHB Dennis Tiefenthaler
|
0-0: Swinging Strike 0-1: Fly out, F8 (Flyball, 8RD, EV 90.0 MPH)
|
| Bottom of the 9th over - 0 runs, 0 hits, 0 errors, 0 left on base; Fort Myers 5 - Bradenton 0 |
|